 Dungeon Crawl Stone Soup version 0.18-a0-1800-gdc7a371 (webtiles) character file.

55 MuMo the Ducker (level 3, 0/27 HPs)
             Began as a Demonspawn Gladiator on Apr 25, 2016.
             Was an Initiate of Pakellas.
             Slain by Sigmund
             ... wielding a +3 scythe of slicing
              (2 damage)
             ... on level 3 of the Dungeon.
             The game lasted 00:01:15 (1373 turns).

MuMo the Ducker (Demonspawn Gladiator)              Turns: 1373, Time: 00:01:16

Health: 0/27       AC:  5    Str: 16    XL:     3   Next: 67%
Magic:  3/3        EV: 13    Int:  9    God:    Pakellas [......]
Gold:   113        SH:  0    Dex: 13    Spells: 0 memorised, 2 levels left

rFire  . . .     SeeInvis .     a - +0 long sword
rCold  . . .     Gourm    .     b - +0 leather armour
rNeg   . . .     Faith    .     (no shield)
rPois  .         Spirit   .     c - +0 helmet
rElec  .         Dismiss  .     (no cloak)
rCorr  .         Reflect  .     (no gloves)
SustAt .         Harm     .     (no boots)
MR     .....                    (no amulet)
Stlth  +.........               (no ring)
                                (no ring)

@: not resistant to hostile enchantments, very unstealthy
A: rugged brown scales 1, rot immunity
a: Renounce Religion


You were on level 3 of the Dungeon.
You worshipped Pakellas.
Pakellas was noncommittal.
You were hungry.

You visited 1 branch of the dungeon, and saw 3 of its levels.

You collected 113 gold pieces.

Inventory:

Hand Weapons
 a - a +0 long sword (weapon)
Missiles
 d - 3 throwing nets (quivered)
Armour
 b - a +0 leather armour (worn)
 c - a +0 helmet (worn)
Jewellery
 h - an uncursed ring of poison resistance {unknown}
Scrolls
 e - 2 scrolls of amnesia {unknown}
 l - a scroll of noise {unknown}
 n - a scroll of recharging {unknown}
 o - a scroll of remove curse {unknown}
 u - a scroll of fog {unknown}
Potions
 g - a potion of haste {unknown}
 j - a potion of degeneration {unknown}
 k - 3 potions of mutation {unknown}
 s - a potion of agility {unknown}
 t - 2 potions of brilliance {unknown}
Comestibles
 f - 2 bread rations
 i - 5 fruits
 m - a royal jelly
 p - a meat ration
 r - a beef jerky


   Skills:
 + Level 2.2 Fighting
 + Level 3.2 Long Blades
 + Level 1.8 Throwing
 + Level 1.0 Armour
 + Level 3.3 Dodging
 + Level 0.2 Stealth


You had 2 spell levels left.
You didn't know any spells.

Dungeon Overview and Level Annotations

Branches:
Dungeon (3/15)

Altars:
Pakellas

Annotations:
D:3 Sigmund


Innate Abilities, Weirdness & Mutations

You are partially covered in rugged brown scales (AC +1, +3% HP).
You are immune to rotting.


Message History

Where to? (Enter - D:2, ? - help)
What level of the Dungeon? (default 1, ? - help)
You are feeling hungry.
No target in view!
(D) Dungeon
Where to? (Enter - D:3, ? - help)
There is an oddly glowing altar of Pakellas here.
There is a stone staircase leading down here.
You climb downwards.
Sigmund the Dreaded comes into view.
He is wielding a scythe of slicing.
Sigmund shouts!
Found three items.
There is a stone staircase leading up here.
Sigmund hits you with a scythe of slicing!
You barely miss Sigmund. You closely miss Sigmund.
Sigmund hits you with a scythe of slicing!
* * * LOW HITPOINT WARNING * * *
You die...
Pakellas says: That's one more possible approach eliminated.

$..#
#...!
.....
......
###...?..
#.......$
#<# #.#
#@# #@#
..# #.##
#. #. #.
#.


You could see Sigmund.

Vanquished Creatures
  An adder (D:2)
  An ooze (D:2)
  A worm (D:2)
  A dart slug (D:2)
  A ball python (D:2)
  5 bats
  3 giant cockroaches (D:1)
  6 goblins
  5 hobgoblins
  3 giant newts
  7 kobolds
  2 rats (D:1)
36 creatures vanquished.

Notes
Turn   | Place    | Note
--------------------------------------------------------------
     0 | D:1      | MuMo the Demonspawn Gladiator began the quest for the Orb.
     0 | D:1      | Reached XP level 1. HP: 16/16 MP: 1/1
   157 | D:1      | Gained mutation: You are immune to rotting. [demonic ancestry]
   157 | D:1      | Reached XP level 2. HP: 20/22 MP: 2/2
   779 | D:2      | Found an oddly glowing altar of Pakellas.
   810 | D:2      | Became a worshipper of Pakellas the Inventive
   851 | D:2      | Found a faded altar to an unknown god.
   867 | D:2      | Reached skill level 1 in Armour
   867 | D:2      | Gained mutation: You are partially covered in rugged brown scales (AC +1, +3% HP). [demonic ancestry]
   867 | D:2      | Reached XP level 3. HP: 17/27 MP: 3/3
  1369 | D:3      | Noticed Sigmund
  1373 | D:3      | Slain by Sigmund

Vault maps used:
D:1:      minmay_arrival_five_plusses, st_stairs_14
D:2:      nicolae_overflow_crystal_walls, ecumenical_altar_1, first_bread
D:3:      okawaru_metal_pillars_3, uniq_sigmund

Skill      XL: |  1  2 |
---------------+-------+-----
Long Blades    | 3 |  3.2
Dodging        | 3 |  3.3
Armour         | 1 |  1.0
Fighting       | |  2.2
Throwing       | |  1.8
Stealth        | |  0.2

Action                   || total
-------------------------++-------
Melee: Long sword        ||   119
 Stab: Sleeping          ||     1
  Eat: Chunk             ||     1
Armor: Leather armour    ||    39
Dodge: Dodged            ||    84
